 Dungeon Sprint DCSS version 0.17-a0-1625-g47e540b (webtiles) character file.

10900000 hexophile the Axe Maniac (level 27, -8/249 HPs)
             Began as a Vampire Warper on Aug 2, 2015.
             Was the Champion of Makhleb.
             Killed by divine providence
             ... invoked by an accursed
              (13 damage)
             ... in the Dungeon (Sprint VIII: "Arena of Blood").
             The game lasted 00:03:34 (109 turns).

hexophile the Axe Maniac (Vampire Warper)            Turns: 109, Time: 00:03:34

Health: -8/249     AC:  6    Str: 18    XL:     27
Magic:  40/54      EV: 30    Int: 19    God:    Makhleb [******]
Gold:   0          SH:  0    Dex: 15    Spells: 1 memorised, 79 levels left

rFire  + . .     SeeInvis +     l - +∞ Axe of Woe
rCold  . . .     Clarity  .     b - +0 leather armour
rNeg   + . .     SustAt   .     (no shield)
rPois  .         Gourm    .     (no helmet)
rElec  .         Spirit   .     (no cloak)
rCorr  .         Warding  .     (no gloves)
rMut   .         NoTele   +     (no boots)
MR     ++...                    (no amulet)
Stlth  ++++++++++               (no ring)
                                m - ring of protection from fire

@: very slightly contaminated, very resistant to hostile enchantments, uncannily
stealthy
A: fangs 3, see invisible, unbreathing
a: Bat Form, Minor Destruction, Lesser Servant of Makhleb, Major Destruction,
Greater Servant of Makhleb, Renounce Religion


You were in the Dungeon.
You worshipped Makhleb.
Makhleb was exalted by your worship.
You were not thirsty.

You visited 1 branch

Inventory:

Hand weapons
 a - a +0 hand axe
 l - the +∞ Axe of Woe (weapon)
   (You found it in the Dungeon)
Missiles
 e - 5 tomahawks of dispersal (quivered)
Armour
 b - a +0 leather armour (worn)
Jewellery
 m - a ring of protection from fire (left hand)
Scrolls
 d - a scroll of blinking
Potions
 f - a potion of blood
 g - a potion of curing
 h - a potion of heal wounds
 i - a potion of haste
 j - 2 potions of magic
 k - a potion of berserk rage
Books
 c - a book of Spatial Translocations

   Spells                             Type                      Level
   a - Apportation                    Translocation                1
   b - Blink                          Translocation                2
   c - Shroud of Golubria             Charms/Translocation         2
   d - Portal Projectile              Translocation                3
   e - Teleport Other                 Translocation                3
   f - Passage of Golubria            Translocation                4


   Skills:
 O Level 27 Fighting
 O Level 27 Axes
 O Level 27 Throwing
 O Level 27 Armour
 O Level 27 Dodging
 O Level 27 Stealth
 O Level 27 Unarmed Combat
 O Level 27 Spellcasting
 O Level 27 Translocations
 O Level 27 Invocations


You had 79 spell levels left.
You knew the following spells:

 Your Spells              Type           Power        Failure   Level  Hunger
a - Apportation           Tloc           #######...   0%          1    None


Dungeon Overview and Level Annotations

Branches:
Dungeon (1/1)

Altars:
Makhleb


Innate Abilities, Weirdness & Mutations

You have razor-sharp teeth.
You have supernaturally acute eyesight.
You can survive without breathing.


Message History

Your body is wracked with pain!
* * * LOW HITPOINT WARNING * * *
You hear a shout!
Things that are here:
a +9 war axe; a +30 ring of slaying You hear a shout! x2
The tyrant mumbles some strange words.
The tyrant seems to speed up.
You hear a shout! x3
The eight-headed meat hydra calls on the powers of darkness!
The eight-headed meat hydra convulses! x2
Your body is wracked with pain!
* * * LOW HITPOINT WARNING * * *
The dread throws hellfire at you.
The hellfire explodes!
The burst of hellfire engulfs you!
* * * LOW HITPOINT WARNING * * *
You hear a shout!
The accursed gestures at you while chanting.
Something smites you!
You die...

## ..### .....####
.....W..####
.....L.....####
..............#
#...........#
#...@).....#
.........)....#
................#D.)...#
...............M.......#
................#D.....#
....#..................#
..o.#..LX......%##.....#
....###.X.......%......#
##......X......###...%.#


You could see an accursed, a tyrant, 2 eight-headed meat hydras and a dread.

Vanquished Creatures
  Sigmund (D)
  A greater mummy (D)
  A great orb of eyes (D)
  3 wraiths (D)
  8 vampire knights (D)
  22 ogres (D)
  7 liches (D)
  A hydra (D)
  52 orcs (D)
  2 phantoms (D)
  7 hill giants (D)
  5 skeletal warriors (D)
  3 large abominations (D)
  3 small abominations (D)
  5 crawling corpses (D)
121 creatures vanquished.

Vanquished Creatures (others)
  4 orcs (D)
  2 crawling corpses (D)
6 creatures vanquished.

Grand Total: 127 creatures vanquished

Notes
Turn   | Place    | Note
--------------------------------------------------------------
     0 | D        | hexophile the Vampire Warper began the quest for the Orb.
     0 | D        | Reached XP level 1. HP: 16/16 MP: 3/3
     3 | D        | Noticed a bag of meat
     4 | D        | Noticed a bag of meat
     4 | D        | Became a worshipper of Makhleb the Destroyer
     5 | D        | Killed a bag of meat
     5 | D        | Reached skill level 24 in Axes
     5 | D        | Reached XP level 2. HP: 22/22 MP: 5/5
     5 | D        | Reached XP level 3. HP: 27/27 MP: 6/6
     5 | D        | Reached XP level 4. HP: 33/33 MP: 7/7
     5 | D        | Reached XP level 5. HP: 38/38 MP: 8/8
     5 | D        | Reached XP level 6. HP: 44/44 MP: 9/9
     5 | D        | Reached XP level 7. HP: 49/49 MP: 10/10
     5 | D        | Reached XP level 8. HP: 55/55 MP: 11/11
     5 | D        | Reached XP level 9. HP: 61/61 MP: 12/12
     5 | D        | Reached XP level 10. HP: 67/67 MP: 13/13
     5 | D        | Reached XP level 11. HP: 72/72 MP: 14/14
     6 | D        | Noticed a bag of meat
     6 | D        | Noticed a meat berserker
     7 | D        | Noticed a meat berserker
     7 | D        | Noticed a meat berserker
     8 | D        | Killed a meat berserker
     8 | D        | Acquired Makhleb's first power
     8 | D        | Reached skill level 27 in Axes
     8 | D        | Reached skill level 10 in Dodging
     8 | D        | Reached XP level 12. HP: 77/94 MP: 14/24
     8 | D        | Reached XP level 13. HP: 81/99 MP: 14/25
     9 | D        | Noticed a bag of meat
    10 | D        | Killed a meat berserker
    10 | D        | Reached XP level 14. HP: 105/115 MP: 14/30
    12 | D        | Noticed a bag of meat
    12 | D        | Killed a bag of meat
    12 | D        | Acquired Makhleb's second power
    12 | D        | Reached skill level 15 in Dodging
    12 | D        | Reached XP level 15. HP: 110/124 MP: 14/32
    12 | D        | Killed a bag of meat
    14 | D        | Killed a meat berserker
    14 | D        | Acquired Makhleb's third power
    14 | D        | Reached skill level 15 in Translocations
    14 | D        | Reached XP level 16. HP: 133/139 MP: 15/36
    15 | D        | Noticed a meat berserker
    15 | D        | Killed a bag of meat
    16 | D        | Killed a bag of meat
    16 | D        | Acquired Makhleb's fourth power
    17 | D        | Noticed a bag of meat
    17 | D        | Noticed a meat berserker
    18 | D        | Noticed a meat berserker
    19 | D        | Noticed a meat berserker
    19 | D        | Noticed a bag of meat
    19 | D        | Noticed a destroyer
    20 | D        | Killed a meat berserker
    20 | D        | Reached skill level 27 in Stealth
    20 | D        | Reached XP level 17. HP: 148/153 MP: 16/40
    21 | D        | Noticed a bag of meat
    21 | D        | Noticed a bag of meat
    21 | D        | Noticed a meat berserker
    21 | D        | Noticed a meat berserker
    21 | D        | Noticed a bag of meat
    22 | D        | Noticed a bag of meat
    22 | D        | Noticed a bag of meat
    22 | D        | Noticed a bag of meat
    22 | D        | Noticed a bag of meat
    23 | D        | Killed a meat berserker
    24 | D        | Noticed a bag of meat
    24 | D        | Noticed a bag of meat
    24 | D        | Noticed a large bag of meat
    24 | D        | Killed a meat berserker
    24 | D        | Acquired Makhleb's fifth power
    24 | D        | Reached XP level 18. HP: 160/169 MP: 17/44
    24 | D        | Killed a destroyer
    24 | D        | Reached skill level 27 in Dodging
    25 | D        | Noticed a bag of meat
    25 | D        | Noticed a destroyer
    26 | D        | Killed a destroyer
    26 | D        | Reached XP level 19. HP: 180/186 MP: 17/49
    26 | D        | Killed a meat berserker
    26 | D        | Reached skill level 27 in Fighting
    26 | D        | Reached skill level 27 in Spellcasting
    27 | D        | Killed a meat berserker
    27 | D        | Reached skill level 27 in Translocations
    27 | D        | Reached skill level 10 in Unarmed Combat
    27 | D        | Reached XP level 20. HP: 197/197 MP: 18/51
    28 | D        | Noticed a bag of meat
    28 | D        | Killed a bag of meat
    28 | D        | Reached skill level 10 in Throwing
    28 | D        | Reached skill level 10 in Armour
    28 | D        | Killed a meat berserker
    28 | D        | Killed a bag of meat
    28 | D        | Reached skill level 15 in Invocations
    29 | D        | Noticed a bag of meat
    29 | D        | Noticed a meat berserker
    30 | D        | Noticed an eight-headed meat hydra
    31 | D        | Noticed a bag of meat
    31 | D        | Killed a bag of meat
    31 | D        | Reached skill level 15 in Throwing
    31 | D        | Reached skill level 15 in Armour
    31 | D        | Reached XP level 21. HP: 204/204 MP: 19/52
    31 | D        | Killed a large bag of meat
    32 | D        | Noticed a meat berserker
    32 | D        | Noticed a bag of meat
    32 | D        | Noticed a meat berserker
    33 | D        | Noticed a bag of meat
    33 | D        | Noticed a bag of meat
    33 | D        | Noticed a meat berserker
    33 | D        | Noticed a sculptor of flesh
    33 | D        | Killed a bag of meat
    33 | D        | Killed a bag of meat
    34 | D        | Noticed a bag of meat
    34 | D        | Noticed a bag of meat
    34 | D        | Noticed a bag of meat
    34 | D        | Killed a bag of meat
    34 | D        | Killed a bag of meat
    35 | D        | Noticed a meat berserker
    35 | D        | Noticed a large bag of meat
    35 | D        | Killed a bag of meat
    36 | D        | Noticed a bag of meat
    36 | D        | Noticed a destroyer
    36 | D        | Noticed a sculptor of flesh
    36 | D        | Killed a meat berserker
    37 | D        | Noticed a bag of meat
    37 | D        | Noticed a large bag of meat
    37 | D        | Killed a meat berserker
    37 | D        | Reached XP level 22. HP: 212/212 MP: 20/53
    37 | D        | Killed a bag of meat
    38 | D        | Noticed a bag of meat
    38 | D        | Noticed a bag of meat
    38 | D        | Noticed a meat berserker
    38 | D        | Killed a meat berserker
    38 | D        | Killed a bag of meat
    39 | D        | Noticed a bag of meat
    39 | D        | Noticed a bag of meat
    39 | D        | Noticed a bag of meat
    39 | D        | Noticed a sculptor of flesh
    39 | D        | Killed a meat berserker
    39 | D        | Reached skill level 27 in Unarmed Combat
    39 | D        | Killed a destroyer
    40 | D        | Noticed a bag of meat
    40 | D        | Noticed a bag of meat
    40 | D        | Killed a bag of meat
    40 | D        | Killed a bag of meat
    41 | D        | Killed a bag of meat
    41 | D        | Killed a bag of meat
    41 | D        | Killed a sculptor of flesh
    41 | D        | Reached skill level 27 in Invocations
    41 | D        | Reached XP level 23. HP: 215/219 MP: 21/54
    42 | D        | Noticed a bag of meat
    42 | D        | Noticed a sculptor of flesh
    42 | D        | Noticed a bag of meat
    42 | D        | Noticed a sculptor of flesh
    42 | D        | Noticed a large bag of meat
    42 | D        | Killed a sculptor of flesh
    43 | D        | Killed a bag of meat
    43 | D        | Killed a bag of meat
    43 | D        | Killed a meat berserker
    43 | D        | Noticed a bag of meat
    44 | D        | Killed a nine-headed meat hydra
    44 | D        | Killed a bag of meat
    45 | D        | Noticed a bag of meat
    45 | D        | Noticed a destroyer
    45 | D        | Noticed a destroyer
    45 | D        | Killed a meat berserker
    45 | D        | Reached skill level 27 in Throwing
    45 | D        | Reached skill level 27 in Armour
    46 | D        | Noticed a destroyer
    46 | D        | Killed a bag of meat
    46 | D        | Killed a bag of meat
    47 | D        | Killed a bag of meat
    48 | D        | Noticed a destroyer
    48 | D        | Noticed a tyrant
    48 | D        | Killed a large bag of meat
    48 | D        | Killed a bag of meat
    48 | D        | Killed a sculptor of flesh
    50 | D        | Noticed a tyrant
    50 | D        | Noticed a large bag of meat
    50 | D        | Killed a bag of meat
    50 | D        | Killed a bag of meat
    50 | D        | Killed a bag of meat
    50 | D        | Killed a destroyer
    50 | D        | Reached XP level 24. HP: 227/227 MP: 23/54
    51 | D        | Killed a bag of meat
    51 | D        | Killed a bag of meat
    52 | D        | Noticed a bag of meat
    52 | D        | Killed a large bag of meat
    52 | D        | Killed a bag of meat
    52 | D        | Killed a sculptor of flesh
    52 | D        | Killed a sculptor of flesh
    53 | D        | Noticed a tyrant
    53 | D        | Killed a destroyer
    53 | D        | Killed a bag of meat
    54 | D        | Killed a tyrant
    54 | D        | Reached XP level 25. HP: 221/234 MP: 24/54
    55 | D        | Noticed a tyrant
    55 | D        | Killed a bag of meat
    55 | D        | Killed a tyrant
    55 | D        | Killed a destroyer
    56 | D        | Killed a bag of meat
    57 | D        | Noticed a meat berserker
    57 | D        | Killed a large bag of meat
    58 | D        | Killed a bag of meat
    58 | D        | Reached XP level 26. HP: 242/242 MP: 25/54
    59 | D        | Killed a large bag of meat
    60 | D        | Noticed a tyrant
    60 | D        | Noticed a bag of meat
    60 | D        | Killed a bag of meat
    61 | D        | Killed a bag of meat
    61 | D        | Killed a bag of meat
    62 | D        | Noticed a meat berserker
    62 | D        | Noticed a bag of meat
    62 | D        | Noticed a large bag of meat
    62 | D        | Noticed an accursed
    62 | D        | Noticed The Captor
    63 | D        | Noticed a meat berserker
    63 | D        | Noticed a dread
    64 | D        | Noticed a meat berserker
    65 | D        | Killed a destroyer
    66 | D        | Noticed a meat berserker
    67 | D        | Noticed a bag of meat
    67 | D        | Noticed a dread
    67 | D        | Killed a meat berserker
    67 | D        | Killed a meat berserker
    67 | D        | Killed a dread
    67 | D        | Reached XP level 27. HP: 249/249 MP: 28/54
    67 | D        | Killed a meat berserker
    68 | D        | Noticed a bag of meat
    68 | D        | Noticed a bag of meat
    68 | D        | Noticed a bag of meat
    68 | D        | Noticed a bag of meat
    69 | D        | Killed a tyrant
    69 | D        | Killed a tyrant
    69 | D        | Killed The Captor
    70 | D        | Noticed a bag of meat
    70 | D        | Killed a meat berserker
    71 | D        | Noticed a bag of meat
    71 | D        | Noticed a large bag of meat
    72 | D        | Noticed a dread
    72 | D        | Noticed a bag of meat
    72 | D        | Killed a meat berserker
    74 | D        | Killed a bag of meat
    74 | D        | Killed a bag of meat
    75 | D        | Noticed a meat berserker
    75 | D        | Killed a bag of meat
    75 | D        | Killed a bag of meat
    75 | D        | Killed a bag of meat
    76 | D        | Killed a bag of meat
    76 | D        | Killed a bag of meat
    77 | D        | Noticed a bag of meat
    77 | D        | Killed an accursed
    77 | D        | Killed a bag of meat
    78 | D        | Noticed a destroyer
    79 | D        | Killed a large bag of meat
    79 | D        | Killed a bag of meat
    80 | D        | Noticed a bag of meat
    80 | D        | Killed a tyrant
    81 | D        | Noticed a wretched soul
    81 | D        | Killed a meat berserker
    82 | D        | Noticed a meat berserker
    84 | D        | Noticed a bag of meat
    84 | D        | Killed a dread
    84 | D        | Killed a destroyer
    84 | D        | Killed a dread
    85 | D        | Noticed a bag of meat
    86 | D        | Noticed a bag of meat
    86 | D        | Killed a large bag of meat
    86 | D        | Killed a bag of meat
    87 | D        | Killed a meat berserker
    87 | D        | Killed a bag of meat
    87 | D        | Killed a wretched soul
    88 | D        | Noticed a bag of meat
    88 | D        | Killed a bag of meat
    89 | D        | Noticed a wretched soul
    93 | D        | Noticed a tyrant
    95 | D        | Noticed a wretched soul
    95 | D        | Killed a tyrant
    97 | D        | Noticed an observer
   100 | D        | Noticed a bag of meat
   101 | D        | Noticed a tyrant
   101 | D        | Killed a tyrant
   102 | D        | Killed a bag of meat
   103 | D        | Noticed an accursed
   103 | D        | Killed a bag of meat
   103 | D        | Killed an observer
   104 | D        | Killed a bag of meat
   105 | D        | Noticed a tyrant
   106 | D        | Killed a wretched soul
   106 | D        | Killed a bag of meat
   107 | D        | Killed a bag of meat
   109 | D        | Noticed a dread
   109 | D        | HP: 5/249 [dread/burst of hellfire (28)]
   109 | D        | Killed from afar by an accursed

Vault maps used:
D:        meatsprint

Action                   |  1- 3 |  4- 6 |  7- 9 | 10-12 | 13-15 | 16-18 | 19-21 | 22-24 | 25-27 || total
-------------------------+-------+-------+-------+-------+-------+-------+-------+-------+-------++-------
Melee: Executioner's axe |     1 |       |       |     1 |     2 |     2 |     3 |     8 |    17 ||    34
  Use: Scroll            |       |       |       |       |       |       |       |       |     1 ||     1
 Stab: Distracted        |       |       |       |       |       |       |       |       |     1 ||     1
